 Dungeon Crawl Stone Soup version 0.25-a0-294-gea9b1ad378 (webtiles) character file.

Game seed: 17878698932434331973, levelgen mode: deterministic

240 Redear the Skirmisher (level 5, -4/42 HPs)
             Began as a Mummy Monk on Dec 17, 2019.
             Killed by divine providence
             ... invoked by an orc priest
              (13 damage)
             ... on level 4 of the Dungeon.
             The game lasted 00:04:20 (3446 turns).

Redear the Skirmisher (Mummy Monk)                  Turns: 3446, Time: 00:04:20

Health: -4/42      AC:  8    Str: 14    XL:     5   Next: 79%
Magic:  5/5        EV: 13    Int: 10    God:
Gold:   198        SH:  4    Dex: 15    Spells: 4/4 levels left

rFire    . . .     SeeInvis .     - Unarmed
rCold    + . .     Gourm    .   h - +0 buckler
rNeg     + + +     Faith    .   a - +0 robe
rPois    ∞         Spirit   .   m - +2 helmet
rElec    .         Reflect  .   (no cloak)
rCorr    +         Harm     .   (no gloves)
MR       .....                  e - +2 pair of boots
Stlth    ++........             (no amulet)
HPRegen  0.14/turn              f - ring of protection from fire {rF+}
MPRegen  0.09/turn              g - ring of resist corrosion

@: no status effects
A: no food or potions, fire vulnerability, cold resistance 1, negative energy
resistance 3, torment resistance, unbreathing
a: no special abilities


You were on level 4 of the Dungeon.
You were not hungry.

You visited 1 branch of the dungeon, and saw 5 of its levels.

You collected 198 gold pieces.

Inventory:

Armour
 a - a +0 robe (worn)
 e - a +2 pair of boots (worn)
 h - a +0 buckler (worn)
 m - a +2 helmet (worn)
Jewellery
 f - a ring of protection from fire (left hand) {rF+}
 g - a ring of resist corrosion (right hand)
 l - an uncursed ring of positive energy {rN+}
Wands
 A - a wand of acid (9)
Scrolls
 b - 3 scrolls of teleportation {unknown}
 c - 10 scrolls of identify {unknown}
 d - 3 scrolls of remove curse {unknown}
 i - a scroll of magic mapping {unknown}
 j - 2 scrolls of enchant weapon {unknown}
 k - a scroll of immolation {unknown}
 n - a scroll of amnesia {unknown}
 o - a scroll of random uselessness {unknown}
 p - a scroll of blinking {unknown}


   Skills:
 + Level 4.2 Fighting
 + Level 3.4 Dodging
 - Level 1.5 Stealth
 + Level 1.7 Shields
 + Level 3.5 Unarmed Combat


You had 4 spell levels left.
You didn't know any spells.
Your spell library was empty.

Dungeon Overview and Level Annotations

Branches:
Dungeon (5/15)
 Temple: D:4-7

Altars:
Fedhas
Hepliaklqana
Kikubaaqudgha
Sif Muna
Xom


Innate Abilities, Weirdness & Mutations

You do not eat or drink.
Your flesh is vulnerable to fire.
You are immune to poison.
Your flesh is cold resistant. (rC+)
You are immune to negative energy. (rN+++)
You are immune to unholy pain and torment.
You can survive without breathing.


Message History

Unknown command.
There is a stone staircase leading up here.
A sky beast comes into view.
Found a black potion.
You see here a scroll labeled FOOGRU NOMUEST.
p - a scroll labeled FOOGRU NOMUEST
There is a stone staircase leading up here.
You climb upwards.
The orc priest calls down the wrath of Beogh upon you.
Beogh smites you!
* * * LOW HITPOINT WARNING * * *
There is a stone staircase leading down here.
You take 10 damage, and have 9/42 hp.
MASSIVE DAMAGE!!
Okay, then.
You closely miss the orc priest.
The orc priest hits you but does no damage.
You barely miss the orc priest.
The orc priest calls down the wrath of Beogh upon you.
Beogh smites you!
You die...

## #..
#.#############.#
#....#...@oo....#
#..#.#.#..#.....#
#..#...#..# ###.#
#).#####...< #..#
#.##.. #..# #.#
...# ##.# #.. ...
##.####### ..# #
#.........


You could see an orc priest and an orc.

Vanquished Creatures
  A water moccasin skeleton (D:4)
  A vampire bat (D:3)
  An orc wizard (D:5)
  3 adders
  2 oozes
  3 dart slugs
  4 leopard geckos
  2 orcs (D:5)
  2 ball pythons
  5 bat skeletons (D:3)
  2 bat zombies (D:3)
  A giant cockroach (D:3)
  8 goblins
  8 hobgoblins
  7 jackals
  2 quokkas (D:2)
  6 bats
  6 frilled lizards
  7 kobolds
  5 rats
76 creatures vanquished.

Notes
Turn   | Place    | Note
-------+----------+-------------------------------------------
     0 | D:1      | Redear the Mummy Monk began the quest for the Orb.
     0 | D:1      | Reached XP level 1. HP: 18/18 MP: 1/1
   328 | D:1      | Reached XP level 2. HP: 15/24 MP: 2/2
  1168 | D:2      | Reached XP level 3. HP: 27/29 MP: 3/3
  1188 | D:2      | Found a shimmering altar of Xom.
  1188 | D:2      | Found a shimmering altar of Xom.
  1189 | D:2      | Found a shimmering altar of Xom.
  1189 | D:2      | Found a shimmering altar of Xom.
  1190 | D:2      | Found a shimmering altar of Xom.
  1507 | D:2      | Reached skill level 3 in Unarmed Combat
  1517 | D:2      | Reached skill level 3 in Dodging
  1560 | D:2      | Reached XP level 4. HP: 36/37 MP: 4/4
  1686 | D:2      | Found a hazy altar of Hepliaklqana.
  1687 | D:2      | Found a blossoming altar of Fedhas.
  2534 | D:3      | Found an ancient bone altar of Kikubaaqudgha.
  2542 | D:3      | Reached skill level 1 in Shields
  2616 | D:3      | Reached XP level 5. HP: 37/42 MP: 5/5
  2644 | D:3      | Reached skill level 4 in Fighting
  3280 | D:4      | Found a shimmering blue altar of Sif Muna.
  3327 | D:5      | Entered Level 5 of the Dungeon
  3434 | D:5      | Noticed a sky beast
  3446 | D:4      | Killed from afar by an orc priest

Levels and vault maps discovered:
D:1:      dpeg_arrival_shrine, layout_basic
D:2:      layout_basic, xom_redecorated,
          chequers_temple_overflow_statue_of_worship, serial_bayou,
          serial_bayou_pond_c, serial_bayou_ford_a, serial_bayou_pond_d,
          serial_bayou_crossing
D:3:      layout_basic, kennysheep_vampire_church, minivault_24,
          chequers_serial_rivers_micro_c
D:4:      layout_basic, old_standard_altar, grunt_temple_overflow_cloverleaf,
          first_ration, chequers_serial_rivers_marsh, grunt_ministairs_2
D:5:      layout_loops_cross, dancing_weapons_uskayaw,
          nicolae_ru_great_annihilating_truth, minmay_temple_entry_overgrown,
          uniq_ijyb

Skill      XL: |  1  2  3  4  5 |
---------------+----------------+-----
Unarmed Combat | 3 |  3.5
Dodging        | 3 |  3.4
Shields        | 1 |  1.7
Fighting       | 4 |  4.2
Stealth        | |  1.5

Action                   |  1- 3 |  4- 6 || total
-------------------------+-------+-------++-------
Melee: Unarmed           |   146 |   192 ||   338
       Punch             |     1 |       ||     1
 Stab: Sleeping          |     7 |     3 ||    10
       Distracted        |       |     1 ||     1
Armor: Robe              |    49 |   105 ||   154
Dodge: Dodged            |   106 |   193 ||   299
Block: Buckler           |    27 |    43 ||    70

Table legend:
 A = Non-vault XP
 B = Vault XP
 C = Vault XP percentage of total XP
 D = Non-vault monster count
 E = Vault monster count
 F = Vault count percentage of total count
                 A         B        C        D         E       F
            +---------+---------+-------+---------+---------+-------
      Total |     274 |      69 |  20.1 |      68 |       8 |  10.5
            +---------+---------+-------+---------+---------+-------
        D:1 |      39 |       0 |   0.0 |      22 |       0 |   0.0
        D:2 |      73 |       0 |   0.0 |      24 |       0 |   0.0
        D:3 |      48 |      69 |  59.0 |      18 |       8 |  30.8
        D:4 |      73 |       0 |   0.0 |       1 |       0 |   0.0
        D:5 |      41 |       0 |   0.0 |       3 |       0 |   0.0
            +---------+---------+-------+---------+---------+-------
